 Dungeon Crawl Stone Soup version 0.16.1-7-g2c6721e (webtiles) character file.

214 hulla the Changer (level 5, -1/33 HPs)
             Began as an Octopode Transmuter on Mar 29, 2015.
             Slain by a worm (6 damage)
             ... on level 2 of the Dungeon.
             The game lasted 00:15:55 (2975 turns).

hulla the Changer (Octopode Transmuter)             Turns: 2975, Time: 00:15:55

Health: -1/33      AC:  2    Str: 10    XL:     5   Next: 91%
Magic:  9/9        EV: 19    Int: 16    God:
Gold:   91         SH:  0    Dex: 17    Spells: 2 memorised, 4 levels left

rFire  . . .     SeeInvis .       - Unarmed
rCold  . . .     Clarity  .     (shield currently unavailable)
rNeg   . . .     SustAb   .     (helmet currently unavailable)
rPois  x         Gourm    .     j - amulet of resist mutation
rElec  .         Spirit   .     (no ring)
rCorr  .         Warding  .     (no ring)
rMut   +         Stasis   .     (no ring)
MR     .....                    (no ring)
Stlth  +.........               (no ring)
                                (no ring)
                                (no ring)
                                (no ring)

@: confused, lethally poisoned (-1 -> -34), spider-form (expiring), not
resistant to hostile enchantments, very unstealthy
A: almost no armour, amphibious, 8 rings, (constrict 8), (camouflage 0),
(gelatinous body 0)
a: End Transformation


You were on level 2 of the Dungeon.
You were hungry.
You were a venomous arachnid creature.
You visited 1 branch of the dungeon, and saw 3 of its levels.

You collected 91 gold pieces.

Inventory:

Hand weapons
 e - a +0 hunting sling
 r - a +0 dagger
Missiles
 b - 12 arrows
 h - 6 stones
 i - 7 poisoned arrows
 o - 32 poisoned needles
 u - 6 tomahawks (quivered)
Jewellery
 j - an amulet of resist mutation (around neck)
 w - an uncursed amulet of warding
Scrolls
 c - a scroll of enchant weapon {unknown}
 f - 5 scrolls of identify
 k - a scroll of fear {unknown}
 m - a scroll of random uselessness {unknown}
 n - a scroll of recharging {unknown}
 p - a scroll of remove curse {unknown}
 t - a scroll of immolation {unknown}
Potions
 g - a potion of poison
 v - a potion of haste
Books
 d - a book of Changes

   Spells                             Type                      Level
   a - Beastly Appendage              Transmutation                1
   b - Sticks to Snakes               Transmutation                2
   c - Spider Form                    Transmutation/Poison         3
   d - Ice Form                       Ice/Transmutation            4
   e - Blade Hands                    Transmutation                5
Comestibles
 a - 3 bread rations
 s - 5 chunks of flesh


   Skills:
 - Level 1.0 Fighting
 - Level 2.0 Dodging
 - Level 3.0 Unarmed Combat
 - Level 2.0 Spellcasting
 + Level 4.6 Transmutations
 - Level 4.2 Poison Magic


You had 4 spell levels left.
You knew the following spells:

 Your Spells              Type           Power        Failure   Level  Hunger
a - Beastly Appendage     Trmt           ###...       12%         1    #......
b - Spider Form           Trmt/Pois      ###.......   28%         3    ###....


Dungeon Overview and Level Annotations

Branches:
Dungeon (3/15)

Altars:
Trog


Innate Abilities, Weirdness & Mutations

You cannot wear most types of armour.
You are amphibious.
You can wear up to eight rings at the same time.
((You can use your tentacles to constrict many enemies at once.))
((Your skin changes colour to match your surroundings (Stealth).))
((Your rubbery body absorbs attacks (AC +1).))


Message History

* * * LOW HITPOINT WARNING * * *
You feel very sick. The worm closely misses you.
Drink which item? (? for menu, Esc to quit)
Okay, then.
Drink which item? (? for menu, Esc to quit)
It was a potion of ambrosia.
You are confused.
You feel invigorated.
Your transformation is almost over.
* * * LOW HITPOINT WARNING * * *
You feel very sick. The worm closely misses you.
* * * LOW HITPOINT WARNING * * *
You feel very sick.
You're too confused!
You can't do that in your present form.
* * * LOW HITPOINT WARNING * * *
You feel sick. The worm bites you.
You die...

#.#.#..#.# #.# #...###.#
#.#.#..#.# ##.## #....#.###
#......#.# ##...# #####.## #
###......# #....# ##'## #
#......# #....# ##...### #.#.##.#
#.#### ##.....## ##.#.##.#
#.##.## ##.......#
###....##.#####.#...####.........
................s......'.........
###....##.#....w....####.........
##.#.##.#.###w##..# ##.....<.#
#.#.##.#.# #.###.# ##.....##
#......#.# #.# #.# ##...##
###.####.###.###.# ##'## #.#
#..)......### #.#### #.#
#.#######...# #..... ######.# #.#
###...### ##.####


You could see 2 worms.

Vanquished Creatures
  A scorpion (D:3)
  3 gnolls (D:2)
  4 adders
  5 worms
  An orc (D:3)
  A ball python (D:1)
  A giant cockroach (D:2)
  8 hobgoblins
  8 jackals (D:1)
  4 kobolds (D:1)
  10 bats
  6 giant newts
  9 goblins
  14 rats
75 creatures vanquished.

Notes
Turn   | Place    | Note
--------------------------------------------------------------
     0 | D:1      | hulla, the Octopode Transmuter, began the quest for the Orb.
     0 | D:1      | Reached XP level 1. HP: 13/13 MP: 3/3
   202 | D:1      | Reached XP level 2. HP: 16/18 MP: 2/4
   509 | D:1      | Reached XP level 3. HP: 16/23 MP: 6/6
   759 | D:1      | Learned a level 3 spell: Spider Form
  1139 | D:2      | Reached skill level 1 in Poison Magic
  1390 | D:2      | Reached XP level 4. HP: 28/28 MP: 7/7
  1612 | D:2      | Reached skill level 4 in Transmutations
  1643 | D:2      | Found a bloodstained altar of Trog.
  2390 | D:2      | Reached XP level 5. HP: 33/33 MP: 6/9
  2972 | D:2      | HP: 1/33 [poison (a potion of poison)]
  2975 | D:2      | Slain by a worm

Action                   |  1- 3 |  4- 6 || total
-------------------------+-------+-------++-------
Melee: Unarmed           |    81 |   103 ||   184
 Fire: Hunting sling     |     6 |     3 ||     9
 Cast: Beastly Appendage |     5 |     4 ||     9
       Spider Form       |       |    11 ||    11
 Abil: End Transformatio |       |     1 ||     1
  Use: Potion            |     2 |     3 ||     5
       Scroll            |       |     1 ||     1
 Stab: Sleeping          |     2 |     3 ||     5
  Eat: Chunk             |     2 |     6 ||     8
